 Dungeon Crawl Stone Soup version 0.31-a0-154-g56bf346678 (webtiles) character file.

Game seed: 5963030967459766896

12491 SkeletonJelly the Merchant of Misery (level 11, 0/39 (79) HPs)
             Began as a Demonspawn Reaver on June 10, 2023.
             Was a Believer of Kikubaaqudgha.
             Slain by a manticore (1 damage)
             ... on level 13 of the Dungeon on June 11, 2023.
             The game lasted 00:33:21 (10933 turns).

SkeletonJelly the Merchant of Misery (DsRe)        Turns: 10933, Time: 00:33:22

HP:   0/39 (79)     AC: 16    Str: 18    XL:     11   Next: 63%
MP:   14/14         EV: 12    Int: 24    God:    Kikubaaqudgha [**....]
Gold: 590           SH:  6    Dex: 13    Spells: 8/14 levels left

rFire   . . .        u - +3 trident (flame)
rCold   . . .        (no shield)
rNeg    . . .        F - +0 steam dragon scales
rPois   .            (helmet restricted)
rElec   .            h - +0 cloak
rCorr   .            (no gloves)
SInv    .            k - +0 pair of boots
Will    .....        r - amulet of regeneration
Stlth   +            P - +6 ring of intelligence
HPRegen 1.06/turn    x - +6 ring of strength
MPRegen 0.28/turn

%: no passive effects
@: sanguine armoured, extremely drained
A: horns 1, magic regeneration, sanguine armour 2, demonic magic 2, large bone
plates 2, robust 1
a: Renounce Religion, Unearth Wretches


You were on level 13 of the Dungeon.
You worshipped Kikubaaqudgha.
Kikubaaqudgha was pleased with you.
You visited 2 branches of the dungeon, and saw 14 of its levels.
You also visited: Ossuary and Ice Cave.

You collected 590 gold pieces.

Inventory:

Hand Weapons
 a - a +0 spear
 u - a +3 trident of flaming (weapon)
Armour
 b - a +0 leather armour
 h - a +0 cloak (worn)
 k - a +0 pair of boots (worn)
 F - +0 steam dragon scales (worn)
Jewellery
 m - a ring of flight
 p - an amulet of the acrobat
 r - an amulet of regeneration (around neck)
 x - a +6 ring of strength (right hand)
 H - a +4 ring of protection
 I - a ring of positive energy
 J - an amulet of faith
 M - a +4 ring of protection
 O - a ring of ice
 P - a +6 ring of intelligence (left hand)
Wands
 L - a wand of charming (6)
 N - a wand of flame (10)
 Q - a wand of iceblast (4)
 R - a wand of light (4)
Scrolls
 c - 11 scrolls of identify
 d - 3 scrolls of silence
 i - 5 scrolls of teleportation
 j - 2 scrolls of fog
 q - a scroll of blinking
 t - a scroll of vulnerability
 w - 3 scrolls of amnesia
 y - a scroll of magic mapping
 B - 4 scrolls of poison {unknown}
 D - 2 scrolls of enchant armour {unknown}
 S - a scroll of noise {unknown}
Potions
 e - 4 potions of brilliance
 f - 4 potions of heal wounds {unknown}
 g - 6 potions of curing {unknown}
 l - a potion of haste {unknown}
 n - 3 potions of might
 o - 3 potions of cancellation
 s - 3 potions of berserk rage {unknown}
 z - 2 potions of attraction {unknown}
 A - 2 potions of degeneration {unknown}
 E - a potion of invisibility {unknown}
 G - a potion of magic {unknown}
 K - 4 potions of mutation


   Skills:
 - Level 2.0 Fighting
 - Level 12.0 Polearms
 - Level 1.7 Dodging
 - Level 2.0 Spellcasting
 - Level 8.1 Conjurations
 + Level 12.7 Necromancy


You had 8 spell levels left.
You knew the following spells:

 Your Spells              Type           Power      Damage    Failure   Level
a - Kiss of Death         Conj/Necr      100%       2d13      1%          1
s - Momentum Strike       Conj/Tloc      42%        3d9       3%          2
x - Vampiric Draining     Necr           59%        2d10      1%          3

Your spell library contained the following spells:

 Spells                   Type           Power      Damage    Failure   Level
 Necrotise                Necr           100%       1d9       1%          1
 Sublimation of Blood     Necr           59%        N/A       1%          2
 Shock                    Conj/Air       84%        1d8       2%          1
 Dazzling Flash           Conj/Hex       42%        N/A       7%          3
 Hailstorm                Conj/Ice       21%        3d6       7%          3
 Anguish                  Hex/Necr       16%        N/A       9%          4
 Apportation              Tloc           4%         N/A       12%         1
 Slow                     Hex            8%         N/A       12%         1
 Summon Small Mammal      Summ           8%         N/A       12%         1
 Iskenderun's Mystic Bla  Conj/Tloc      21%        2d6       22%         4
 Call Canine Familiar     Summ           2%         N/A       34%         3
 Confusing Touch          Hex            2%         N/A       34%         3
 Summon Guardian Golem    Hex/Summ       2%         N/A       34%         3
 Swiftness                Air            2%         N/A       34%         3
 Vhi's Electric Charge    Tloc/Air       4%         N/A       34%         3
 Volatile Blastmotes      Fire/Tloc      4%         2d10      34%         3
 Arcjolt                  Conj/Air       10%        1d20      54%         5
 Airstrike                Air            1%         2d(1-17)  75%         4
 Cause Fear               Hex            1%         N/A       75%         4
 Simulacrum               Ice/Necr       16%        N/A       80%         6
 Alistair's Intoxication  Tmut/Pois      1%         N/A       97%         5
 Summon Forest            Summ/Tloc      1%         N/A       97%         5
 Summon Mana Viper        Hex/Summ       2%         N/A       97%         5
 Starburst                Conj/Fire      10%        6d5       98%         6
 Plasma Beam              Fire/Air       1%         2x1d11    100%        6
 Summon Cactus Giant      Summ           1%         N/A       100%        6
 Enfeeble                 Hex            1%         N/A       100%        7
 Ozocubu's Refrigeration  Ice            1%         4d7       100%        7
 Polar Vortex             Ice            1%         N/A       100%        9


Dungeon Overview and Level Annotations

Branches:
Dungeon (14/15)            Temple (1/1) D:6            Lair (0/5) D:10
Ossuary (visited)           IceCv (visited)
    Orc: D:9-12      Vaults: D:13-14

Altars:
Ashenzari
Cheibriados
Dithmenos
Fedhas
Gozag
Hepliaklqana
Kikubaaqudgha
Makhleb
Nemelex Xobeh
Okawaru
Qazlal
Ru
Sif Muna
Trog
Uskayaw
Vehumet
Wu Jian
Xom
Yredelemnul

Shops:
D:1 (   D:2 (   D:4 [   D:5 =   D:7 *   D:8 *!(=

Annotations:
D:7 1 runed translucent door
D:11 Josephine


Innate Abilities, Weirdness & Mutations

You have a pair of small horns on your head.
You regenerate magic rapidly.
When seriously injured, your blood forms thick armour. (AC +9)
Spells you cast may paralyse nearby enemies.
You are mostly covered in large bone plates. (SH +6)
You are robust. (+10% HP)


Message History

Kikubaaqudgha accepts your kill.
You are unable to move.
Malevolent energies surge around you.
The deep troll simulacrum suddenly stops moving!
You now have 10/14 mp.
You hit the ice devil. You burn the ice devil.
You headbutt the ice devil, but do no damage.
The ice devil is lightly wounded.
The ice devil closely misses you.
You barely miss the ice devil. Your punch misses the ice devil.
The ice devil is lightly wounded.
You closely miss the ice devil.
The ice devil is lightly wounded.
The ice devil hits you.
* * * LOW HITPOINT WARNING * * *
The ice devil freezes you! You resist.
* * * LOW HITPOINT WARNING * * *
You take 12 damage, and have 4/39 hp.
MASSIVE DAMAGE!!
You hit the ice devil but do no damage. Your headbutt misses the ice devil.
The ice devil is lightly wounded.
The deep troll simulacrum is no longer paralysed.
The ice devil closely misses you.
Okay, then.
Unknown command.
Unknown command.
Unknown command.
Blink to where?
Press: ? - help, Dir - move target
As you read the scroll of blinking, it crumbles to dust.
Your magical contamination has completely faded away.
You cannot move.
You are no longer robbed of momentum.
Welcome back to the Dungeon!
There is a collapsed entrance here.
You regained 2 hp, and now have 11/39 hp.
Magic restored.
Your blood armour dries and flakes away.
HP restored.
You start to feel less resistant.
Your resistance to elements expires.
Found a scroll of identify.
There is a stone staircase leading up here.
Health restored: 39; MP restored: 14
c - 10 scrolls of identify (gained 1)
There is a stone staircase leading up here.
You climb upwards.
Found four items.
There is a stone staircase leading down here.
c - 11 scrolls of identify (gained 1) You're wearing all the rings you can.
Remove which one? (? for menu, Esc to cancel) < or
O - a ring of ice; > or
x - a +6 ring of strength You remove your ring of ice.
You feel clever.
P - a +6 ring of intelligence (left hand)
Found a whip.
Found a flail.
R - a wand of light (4) (gained 3 charges)
Found a robe.
q - a scroll of blinking
i - 5 scrolls of teleportation (gained 1)
You pick up a book of Air and begin reading...
You add the spells Shock, Swiftness and Airstrike to your library.
A manticore comes into view.
Found a scroll labelled QAFEOM CYLAUSM and a pair of gloves.
The manticore flicks its tail.
The volley of spikes hits you!
The barbed spikes become lodged in your body.
You see here a wand of charming (6).
You take 10 damage, and have 29/39 hp.
MASSIVE DAMAGE!!
The manticore flicks its tail.
The volley of spikes misses you.
The manticore flicks its tail.
The volley of spikes hits you!
The barbed spikes become lodged in your body.
Your blood congeals into armour.
You take 12 damage, and have 21/39 hp.
MASSIVE DAMAGE!!
You barely miss the manticore.
You headbutt the manticore, but do no damage.
You completely miss the manticore.
You headbutt the manticore, but do no damage.
The manticore bites you!
The manticore claws you but does no damage.
The manticore misses you.
You take 10 damage, and have 13/39 hp.
MASSIVE DAMAGE!!
You are too injured to fight recklessly!
You closely miss the manticore. The manticore completely misses you.
The manticore claws you but does no damage.
You block the manticore's attack.
You puncture the manticore! You burn the manticore.
Your headbutt misses the manticore.
The manticore is moderately wounded.
You puncture the manticore! You burn the manticore.
The manticore is heavily wounded.
You carefully extract the barbed spikes from your body.
The manticore bites you!
* * * LOW HITPOINT WARNING * * *
The manticore claws you but does no damage.
The manticore claws you.
You die...
Kikubaaqudgha rasps: "You have failed me!
Welcome... death!"

......# # [.....# #
......# # ......# #
?.....# # ......# #
##############......# #
#............@H......
####.###....####.#.#####
.....# #....####.# #
.##### #......##.# .#
#.......##.#
.######.......##.#
.[..).#.....####.#
#####.#.....# #.#
......#.....#


You could see a manticore.

Vanquished Creatures
  Erolcha (D:11)
  An ice dragon (D:14)
  3 two-headed ogres
  Amaemon (D:8)
  A deep elf pyromancer (D:14)
  An orange demon (D:8)
  A troll (D:10)
  2 shadows (D:10)
  A vampire (D:11)
  2 wraiths
  3 wyverns
  16 yaks
  3 steam dragons
  A harpy simulacrum (IceCv)
  An acid dragon (D:8)
  5 orc warriors
  2 black bears
  An ice beast (D:7)
  An ogre (D:5)
  4 centaurs
  3 phantoms
  2 bullfrogs
  A gnoll sergeant (D:6)
  A wyvern zombie (Ossuary)
  A water moccasin zombie (Ossuary)
  4 scorpions
  12 killer bees (D:8)
  A howler monkey (D:10)
  4 bullfrog zombies (Ossuary)
  A centaur zombie (Ossuary)
  5 orc priests
  3 jellies
  A hound (D:7)
  20 mummies (Ossuary)
  3 iguanas
  15 orc wizards
  3 killer bee zombies (Ossuary)
  2 howler monkey zombies (Ossuary)
  5 gnolls (D:6)
  8 adders
  A white imp (D:6)
  2 worms (D:4)
  2 dart slugs
  42 orcs
  10 endoplasms
  3 giant cockroaches
  13 goblins
  6 hobgoblins
  7 jackals
  4 quokkas
  5 ball pythons
  8 bats
  4 frilled lizards
  A goblin zombie (D:5)
  5 kobolds
  4 rats
  A rat zombie (D:5)
264 creatures vanquished.

Notes
Turn   | Place    | Note
-------+----------+-------------------------------------------
     0 | D:1      | SkeletonJelly the Demonspawn Reaver began the quest for the
                  | Orb.
     0 | D:1      | Reached XP level 1. HP: 16/16 MP: 3/3
    11 | D:1      | Found Lucyas's Weapon Shoppe.
   252 | D:1      | Gained mutation: Spells you cast may paralyse adjacent
                  | enemies. [demonic ancestry]
   252 | D:1      | Reached XP level 2. HP: 22/22 MP: 5/5
   278 | D:1      | Reached skill level 1 in Necromancy
   397 | D:1      | Learned a level 2 spell: Momentum Strike
   663 | D:1      | Gained mutation: You regenerate magic rapidly. [demonic
                  | ancestry]
   663 | D:1      | Reached XP level 3. HP: 27/27 MP: 6/6
  1349 | D:2      | Found Dostretug's Antique Armour Boutique.
  1418 | D:2      | Found Ycuduth's Weapon Shoppe.
  1822 | D:3      | Reached XP level 4. HP: 33/33 MP: 4/7
  2749 | D:3      | Reached XP level 5. HP: 28/38 MP: 5/8
  2886 | D:4      | Noticed a phantom
  2902 | D:4      | Killed a phantom
  2903 | D:4      | Reached skill level 5 in Polearms
  2903 | D:4      | Reached skill level 5 in Conjurations
  2903 | D:4      | Gained mutation: You have a pair of small horns on your
                  | head. [demonic ancestry]
  2903 | D:4      | Reached XP level 6. HP: 44/44 MP: 3/9
  2944 | D:4      | Found Oproonos's Antique Armour Shop.
  3502 | D:5      | Entered Level 5 of the Dungeon
  3534 | D:5      | Gained mutation: When seriously injured, your blood forms
                  | armour. (AC +9) [demonic ancestry]
  3534 | D:5      | Reached XP level 7. HP: 40/50 MP: 10/10
  3551 | D:5      | Found a sparkling altar of Nemelex Xobeh.
  3571 | D:5      | Found Tesaav's Jewellery Boutique.
  3596 | D:5      | Found a sand-covered staircase.
  3611 | Ossuary  | Entered an ossuary
  3627 | Ossuary  | Gained mutation: You are robust. (+10% HP) [potion of
                  | mutation]
  3627 | Ossuary  | Gained mutation: You are partially covered in large bone
                  | plates. (SH +4) [potion of mutation]
  3627 | Ossuary  | Gained mutation: You are mostly covered in large bone
                  | plates. (SH +6) [potion of mutation]
  3800 | Ossuary  | Reached XP level 8. HP: 57/61 MP: 11/11
  4724 | D:6      | Found a staircase to the Ecumenical Temple.
  4868 | D:6      | Found a bloodstained altar of Trog.
  4918 | D:6      | Gained mutation: Spells you cast may paralyse nearby
                  | enemies. [demonic ancestry]
  4918 | D:6      | Reached XP level 9. HP: 67/67 MP: 10/12
  5002 | Temple   | Entered the Ecumenical Temple
  5069 | Temple   | Became a worshipper of Kikubaaqudgha
  6197 | D:7      | Reached skill level 5 in Necromancy
  6212 | D:7      | Noticed a sixfirhy
  6213 | D:7      | Found a runed translucent door.
  6428 | D:7      | Found Niyrid's General Store.
  6500 | D:7      | Learned a level 3 spell: Vampiric Draining
  6543 | D:7      | Reached * piety under Kikubaaqudgha
  6543 | D:7      | Received a gift from Kikubaaqudgha
  7119 | D:8      | Reached XP level 10. HP: 61/73 MP: 13/13
  7125 | D:8      | Reached skill level 10 in Polearms
  7403 | D:8      | Found Fopear's Antique Weapon Shoppe.
  7424 | D:8      | Noticed Amaemon
  7439 | D:8      | Killed Amaemon
  7481 | D:8      | Found Xoeluok's Distillery.
  7495 | D:8      | Found a basalt altar of Yredelemnul.
  7498 | D:8      | Found Zin's Purification Station.
  7560 | D:8      | Noticed an orange demon
  7580 | D:8      | Killed an orange demon
  7709 | D:8      | Found a hazy altar of Hepliaklqana.
  7713 | D:8      | Noticed a two-headed ogre
  7741 | D:8      | Killed a two-headed ogre
  7966 | D:8      | Found Estriuc's Jewellery Emporium.
  8352 | D:8      | Reached ** piety under Kikubaaqudgha
  8757 | D:9      | Reached skill level 10 in Necromancy
  9247 | D:10     | Entered Level 10 of the Dungeon
  9384 | D:10     | Gained mutation: When seriously injured, your blood forms
                  | thick armour. (AC +9) [demonic ancestry]
  9384 | D:10     | Reached XP level 11. HP: 45/79 MP: 14/14
  9426 | D:10     | Found a staircase to the Lair.
  9678 | D:10     | Found a shadowy altar of Dithmenos.
  9897 | D:10     | Noticed a two-headed ogre
  9904 | D:10     | Killed a two-headed ogre
 10480 | D:11     | Noticed Josephine
 10564 | D:11     | Noticed Erolcha
 10575 | D:11     | Killed Erolcha
 10612 | D:11     | You fall into a shaft and drop 3 floors!
 10642 | D:14     | Noticed a two-headed ogre
 10649 | D:14     | Killed a two-headed ogre
 10667 | D:14     | Upgraded the game from 0.31-a0-152-g6aa68a64a1 to
                  | 0.31-a0-154-g56bf346678
 10668 | D:14     | Noticed a deep elf pyromancer
 10684 | D:14     | Killed a deep elf pyromancer
 10734 | D:14     | Noticed an ice dragon
 10767 | D:14     | Killed an ice dragon
 10786 | D:14     | Found a frozen archway.
 10795 | IceCv    | Entered an ice cave
 10933 | D:13     | HP: 1/39 [manticore (14)]
 10933 | D:13     | Slain by a manticore

Illustrated notes

Levels and vault maps discovered:
D:1:      tarquinn_simple_flora_water_c, layout_loops_corners, serial_shops,
          shop, minmay_misc_feat_hallway
D:2:      layout_basic, serial_shops, nicolae_shop_advertising_works
          [nicolae_subvault_shop_adworks], shop_statue
D:3:      minmay_chambers_of_threes, layout_loops_ring, serial_rivers,
          chequers_serial_rivers_micro_d, chequers_serial_rivers_micro_a,
          chequers_serial_rivers_marsh, chequers_serial_rivers_room_b
D:4:      layout_rooms, serial_shops, shop_statue
D:5:      layout_rooms, marbit_many_paths, enter_ossuary_4, serial_shops, shop
D:6:      layout_layer_cave, mainiacjoe_overflow_cross_hatched,
          minmay_temple_entry_hall, chequers_serial_rivers_room_b, minivault_25
D:7:      cheibrodos_shockbox, layout_cave_pods, serial_shops,
          nicolae_diamond_shop
D:8:      kennysheep_steamy, layout_basic, yredelemnul_altar_generic,
          zin_purify, nicolae_overflow_crystal_walls, serial_shops,
          nicolae_inconvenience_store, nicolae_diamond_shop,
          nicolae_shop_rolling_square, uniq_amaemon
D:9:      layout_basic
D:10:     layout_long_grid, lemuel_tele_altar, lair_entry_dummy
D:11:     layout_loops_ring, kennysheep_orc_monster_closet_entryway,
          uniq_josephine, uniq_maurice, uniq_harold, uniq_erolcha
D:13:     layout_basic, uniq_nessos
D:14:     layout_loops_ring, david_vaults_5, portal_ice_cave_entry_dragon
Temple:   nicolae_temple_x_marks_the_god

Skill      XL: |  1  2  3  4  5  6  7  8  9 10 11 |
---------------+----------------------------------+-----
Polearms       | 3 4 5 6 8 9 11 12 | 12.0
Necromancy     | 1 3 7 10 12 | 12.7
Conjurations   | 4 5 6 8 |  8.1
Fighting       | |  2.0
Dodging        | |  1.7
Spellcasting   | |  2.0

Action                     |  1- 3 |  4- 6 |  7- 9 | 10-12 || total
---------------------------+-------+-------+-------+-------++-------
  Melee: Spear             |   180 |   152 |       |       ||   332
         Punch             |     1 |     2 |     4 |     6 ||    13
         Trident           |       |    80 |   503 |   380 ||   963
         Headbutt          |       |     8 |   104 |    75 ||   187
   Cast: Momentum Strike   |     2 |    12 |    14 |    11 ||    39
         Vampiric Draining |       |       |     4 |    24 ||    28
         Kiss of Death     |       |       |       |     7 ||     7
  Evoke: Wand              |       |       |       |     3 ||     3
    Use: Scroll            |       |     6 |     2 |     9 ||    17
         Potion            |       |       |     1 |     2 ||     3
   Stab: Paralysed         |       |     9 |    24 |    21 ||    54
         Sleeping          |       |     3 |       |       ||     3
         Invisible         |       |       |       |     1 ||     1
 Armour: Leather armour    |    59 |    49 |    53 |       ||   161
         Steam dragon scal |       |       |    18 |    84 ||   102
  Dodge: Dodged            |    98 |   136 |   135 |   168 ||   537
  Block: Other             |       |       |    84 |    88 ||   172

Table legend: (Time is in decaauts)
 A = Elapsed time spent in this place.
 B = Non-inter-level travel time spent in this place.
 C = Inter-level travel time spent in this place.
 D = Time resting spent in this place.
 E = Time spent auto-exploring this place.
 F = Levels seen in this place.
 G = Mean time per level.
                   A        B        C        D        E       F      G
               +--------+--------+--------+--------+--------+-----+--------+
         Total |  10792 |  10187 |    605 |     12 |   7715 |  16 |  674.5 |
       Dungeon |  10208 |   9628 |    580 |     12 |   7460 |  13 |  785.2 |
        Temple |     77 |     52 |     25 |      0 |     46 |   1 |   77.0 |
       Ossuary |    484 |    484 |      0 |      0 |    209 |   1 |  484.0 |
      Ice Cave |     21 |     21 |      0 |      0 |      0 |   1 |   21.0 |
               +--------+--------+--------+--------+--------+-----+--------+

Top non-repeatable levels by time:
     D:8: 1478 daAuts
     D:6: 1471 daAuts
    D:10: 1108 daAuts
     D:2: 1066 daAuts
     D:3: 1019 daAuts
     D:7: 880 daAuts
     D:1: 822 daAuts
     D:9: 670 daAuts
     D:4: 604 daAuts
     D:5: 568 daAuts
 Ossuary: 484 daAuts
    D:14: 237 daAuts
    D:11: 224 daAuts
  Temple: 77 daAuts
    D:13: 55 daAuts
